 Dungeon Crawl Stone Soup version 0.31-a0-233-g139696dc86 (webtiles) character file.

Game seed: 547955129053811402

989 qw the Skirmisher (level 7, -1/61 HPs)
             Began as a Minotaur Hexslinger on July 9, 2023.
             Slain by Prince Ribbit (4 damage)
             ... on level 6 of the Dungeon.
             The game lasted 00:01:52 (4565 turns).

qw the Skirmisher (Minotaur Hexslinger)             Turns: 4565, Time: 00:01:52

Health: -1/61      AC:  4    Str: 18    XL:     7   Next: 98%
Magic:  7/7        EV: 18    Int: 10    God:
Gold:   847        SH:  0    Dex: 15    Spells: 7/8 levels left

rFire   . . .        Y - +2 sling
rCold   + . .        (no shield)
rNeg    . . .        i - +0 robe {rC+}
rPois   .            c - +2 hat
rElec   .            (no cloak)
rCorr   .            (no gloves)
SInv    .            (no boots)
Will    .....        (no amulet)
Stlth   +            g - +5 ring of evasion
HPRegen 0.30/turn    m - +6 ring of strength
MPRegen 0.10/turn

%: no passive effects
@: no status effects
A: horns 2, retaliatory headbutt
a: no special abilities


You were on level 6 of the Dungeon.
You visited 2 branches of the dungeon, and saw 7 of its levels.

You collected 847 gold pieces.


Innate Abilities, Weirdness & Mutations

You have a pair of horns on your head.
You reflexively headbutt those who attack you in melee.


   Skills:
 - Level 5.0 Fighting
 + Level 8.8 Ranged Weapons
 - Level 1.1 Armour
 - Level 3.1 Dodging
 - Level 1.0 Spellcasting
 - Level 2.0 Hexes


You had 7 spell levels left.
You knew the following spells:

 Your Spells              Type           Power      Damage    Failure   Level
a - Slow                  Hex            16%        N/A       16%         1

Your spell library contained the following spells:

 Spells                   Type           Power      Damage    Failure   Level
 Inner Flame              Hex/Fire       2%         N/A       56%         3
 Portal Projectile        Hex/Tloc       4%         N/A       56%         3
 Cause Fear               Hex            2%         N/A       83%         4

Inventory:

Hand Weapons
 Y - a +2 sling (weapon)
Armour
 c - a +2 hat (worn)
 d - a +0 ring mail
 i - a +0 robe of cold resistance (worn)
Jewellery
 g - a +5 ring of evasion (left hand)
 m - a +6 ring of strength (right hand)
Scrolls
 h - a scroll of identify
Potions
 a - a potion of mutation
 b - 2 potions of curing
 e - a potion of cancellation
 f - a potion of resistance {unknown}
 k - a potion of haste

Dungeon Overview and Level Annotations

Branches:
Dungeon (6/15)             Temple (1/1) D:5

Altars:
Dithmenos
Fedhas
Gozag
Hepliaklqana
Kikubaaqudgha
Makhleb
Nemelex Xobeh
Sif Muna
Trog
Uskayaw
Xom
Yredelemnul
Zin

Annotations:
D:3 exclusion: oklob plant
D:6 Prince Ribbit


Message History

You see here the amulet "Deukeit" {Reflect rElec rC+++ rCorr Str-3 SH+5}.
You shoot a sling bullet. The sling bullet hits Prince Ribbit!
Prince Ribbit is moderately wounded.
You shoot a sling bullet. The sling bullet hits Prince Ribbit.
Prince Ribbit is moderately wounded.
Prince Ribbit completely misses you.
You shoot a sling bullet. The sling bullet hits Prince Ribbit!
Prince Ribbit is severely wounded.
Prince Ribbit hits you. Prince Ribbit barely misses you.
You furiously retaliate!
You headbutt Prince Ribbit! You shoot a sling bullet.
The sling bullet barely misses Prince Ribbit.
The wyvern closely misses you.
Prince Ribbit blinks!
You shoot a sling bullet.
The sling bullet closely misses the wyvern.
The wyvern barely misses you. You furiously retaliate!
You headbutt the wyvern.
Prince Ribbit blinks!
The wyvern completely misses you.
You shoot a sling bullet. The sling bullet hits the wyvern.
The wyvern is lightly wounded.
The wyvern misses you. You furiously retaliate!
You headbutt the wyvern! You shoot a sling bullet.
The sling bullet hits the wyvern.
The wyvern is severely wounded.
Prince Ribbit blinks!
The wyvern closely misses you.
You shoot a sling bullet. The sling bullet hits the wyvern.
The wyvern is severely wounded.
The wyvern bites you!
Prince Ribbit blinks!
The wyvern barely misses you. You furiously retaliate!
You headbutt the wyvern. You shoot a sling bullet.
The sling bullet closely misses the wyvern.
The sling bullet misses Prince Ribbit.
Prince Ribbit blinks!
The wyvern bites you!
You shoot a sling bullet.
The sling bullet closely misses the wyvern.
The wyvern bites you! x2
You shoot a sling bullet. The sling bullet hits the wyvern.
The wyvern is almost dead.
The wyvern closely misses you. You furiously retaliate!
You headbutt the wyvern!
You kill the wyvern!
Prince Ribbit hits you.
You die...

#. #. # #. .#
#.#####.#+#
#..........#
###.#..........#
..........#....#
#<@%....ยค#
.........F.....#
####.#.###.....#
..... .....#
#.#.#. ....# ..
#.#. ....# # #
#. ...# #. ...#


You could see Prince Ribbit.

Vanquished Creatures
  A wyvern (D:6)
  Menkaure (D:4)
  An ice beast (D:5)
  An ogre (D:5)
  A phantom (D:5)
  4 scorpions
  A howler monkey (D:5)
  A hound (D:4)
  3 iguanas (D:5)
  An orc wizard (D:5)
  3 gnolls (D:2)
  8 adders
  2 ufetubi
  2 dart slugs
  12 orcs
  7 ball pythons
  11 bats
  2 endoplasms
  4 giant cockroaches
  3 goblins
  6 hobgoblins
  5 jackals (D:2)
  5 kobolds
  3 quokkas
  2 frilled lizards (D:2)
  8 rats
  A rat zombie (D:4)
  A spectral orc (D:3)
100 creatures vanquished.

Notes
Turn   | Place    | Note
-------+----------+-------------------------------------------
     0 | D:1      | qw the Minotaur Hexslinger began the quest for the Orb.
     0 | D:1      | Reached XP level 1. HP: 16/16 MP: 1/1
     0 | D:1      | 0 ||| qw: Version: 0.3-a-51-g015441d
     0 | D:1      | 0 ||| qw: Game counter: 3845
     0 | D:1      | 0 ||| qw: Melee chars always use a shield: true
     0 | D:1      | 0 ||| qw: God list: Okawaru
     0 | D:1      | 0 ||| qw: Allow faded altars: false
     0 | D:1      | 0 ||| qw: Do Orc after clearing Dungeon:15 true
     0 | D:1      | 0 ||| qw: Do second Lair branch before Depths: true
     0 | D:1      | 0 ||| qw: Lair rune preference: random
     0 | D:1      | 0 ||| qw: Goals: Normal
     0 | D:1      | 0 ||| PLANNING D:1-11
   224 | D:1      | Reached skill level 3 in Ranged Weapons
   224 | D:1      | Reached XP level 2. HP: 22/23 MP: 2/2
   643 | D:1      | Found a faded altar of an unknown god.
   684 | D:1      | 684 ||| UPGRADING to +0 ring mail.
   694 | D:1      | 694 ||| DROPPING +0 robe.
   695 | D:1      | 695 ||| UPGRADING to +5 ring of evasion.
   696 | D:1      | 696 ||| READING scroll labelled VUEVAINIUC.
   697 | D:1      | 697 ||| READING scroll labelled IWAOZ YJIRIKIO.
   698 | D:1      | 698 ||| READING 6 scrolls labelled LET JUPNAPSOM.
   699 | D:1      | 699 ||| READING scroll labelled XAEQAIP FIOTU.
   702 | D:1      | 702 ||| READING 5 scrolls of identify.
   702 | D:1      | 702 ||| IDENTIFYING sedimented white potion
   703 | D:1      | 703 ||| READING 4 scrolls of identify.
   703 | D:1      | 703 ||| IDENTIFYING pink potion
   704 | D:1      | 704 ||| DROPPING scroll of poison.
   800 | D:2      | Reached XP level 3. HP: 26/29 MP: 3/3
  1073 | D:2      | Reached skill level 4 in Ranged Weapons
  1077 | D:2      | Reached skill level 1 in Armour
  1084 | D:2      | Reached XP level 4. HP: 20/36 MP: 4/4
  1437 | D:2      | 1437 ||| DROPPING ring of magical power.
  1438 | D:2      | 1438 ||| READING 5 scrolls of identify.
  1438 | D:2      | 1438 ||| IDENTIFYING fuming white potion
  1520 | D:3      | Found a shimmering altar of Xom.
  1807 | D:3      | Found a basalt altar of Yredelemnul.
  1830 | D:3      | Found a blossoming altar of Fedhas.
  1845 | D:3      | Noticed an oklob plant
  1846 | D:3      | 1846 ||| UPGRADING to +2 hat.
  1851 | D:3      | 1851 ||| READING scroll labelled LAISUBEFUF.
  1852 | D:3      | 1852 ||| READING 5 scrolls of identify.
  1852 | D:3      | 1852 ||| IDENTIFYING white potion
  1863 | D:3      | HP: 9/36 [oklob plant/splash of acid (27)]
  1864 | D:3      | 1864 ||| DRINKING 3 potions of heal wounds.
  1867 | D:3      | HP: 1/36 [oklob plant/splash of acid (14)]
  1868 | D:3      | 1868 ||| DRINKING 2 potions of heal wounds.
  2483 | D:3      | 2483 ||| READING scroll labelled NOYTUD EXTAELE.
  2484 | D:3      | 2484 ||| READING 4 scrolls of identify.
  2484 | D:3      | 2484 ||| IDENTIFYING viscous clear potion
  2485 | D:3      | 2485 ||| READING 3 scrolls of identify.
  2485 | D:3      | 2485 ||| IDENTIFYING lumpy amethyst potion
  2486 | D:3      | 2486 ||| DROPPING potion of degeneration.
  2487 | D:3      | 2487 ||| DROPPING potion of magic.
  2643 | D:4      | Reached skill level 5 in Ranged Weapons
  2649 | D:4      | Reached XP level 5. HP: 37/41 MP: 5/5
  2800 | D:4      | You fall into a shaft and drop 1 floor!
  2800 | D:5      | Entered Level 5 of the Dungeon
  2803 | D:5      | Noticed a phantom
  2822 | D:5      | Killed a phantom
  2829 | D:5      | HP: 7/46 [something/magic dart (7)]
  2830 | D:5      | 2830 ||| DRINKING potion of heal wounds.
  2932 | D:5      | Reached XP level 6. HP: 39/52 MP: 6/6
  3060 | D:5      | Reached skill level 6 in Ranged Weapons
  3062 | D:5      | HP: 13/52 [poisoned by a scorpion]
  3301 | D:5      | Reached skill level 7 in Ranged Weapons
  3500 | D:5      | 3500 ||| UPGRADING to +0 robe of cold resistance.
  3510 | D:5      | 3510 ||| UPGRADING to +6 ring of strength.
  3511 | D:5      | 3511 ||| READING scroll labelled YLIAMUE KEIWO.
  3511 | D:5      | Identified a scroll of acquirement
  3511 | D:5      | 3511 ||| ACQUIRING 524 gold pieces
  3511 | D:5      | Acquired 524 gold pieces
  3513 | D:5      | 3513 ||| DRINKING 3 clear potions.
  3514 | D:5      | 3514 ||| READING 2 scrolls of identify.
  3514 | D:5      | 3514 ||| IDENTIFYING fuming black potion
  3515 | D:5      | 3515 ||| DROPPING 2 potions of attraction.
  3516 | D:5      | Noticed an ice beast
  3527 | D:5      | Killed an ice beast
  3528 | D:5      | Reached XP level 7. HP: 38/59 MP: 7/7
  3610 | D:5      | Found a staircase to the Ecumenical Temple.
  3668 | D:4      | Reached skill level 8 in Ranged Weapons
  3733 | D:4      | Found an ancient bone altar of Kikubaaqudgha.
  3764 | D:4      | 3764 ||| Stepping ~*~*~tactically~*~*~ (outnumbered).
  3856 | D:4      | Reached skill level 3 in Dodging
  3954 | D:4      | Noticed Menkaure
  3974 | D:4      | Killed Menkaure
  4107 | D:5      | 4107 ||| PLANNING TEMPLE
  4107 | D:5      | 4107 ||| STAIRDANCE
  4118 | Temple   | Entered the Ecumenical Temple
  4184 | Temple   | 4184 ||| PLANNING D:1-11
  4552 | D:6      | Noticed Prince Ribbit
  4554 | D:6      | Identified the amulet "Deukeit" {Reflect rElec rC+++ rCorr
                  | Str-3 SH+5}
  4554 | D:6      | Noticed a wyvern
  4564 | D:6      | HP: 3/61 [wyvern (15)]
  4565 | D:6      | Killed a wyvern
  4565 | D:6      | Slain by Prince Ribbit

Levels and vault maps discovered:
D:1:      matt_arrival_refuge, layout_basic,
          chequers_ecumenical_altar_simple_redux
D:2:      layout_basic
D:3:      layout_basic, yredelemnul_forgotten_temple_becter, tgw_fedhas,
          xom_teletrap_fun
D:4:      old_forge, layout_cave_pools, lemuel_zombie_altar_kikubaaqudgha,
          uniq_menkaure
D:5:      layout_basic, minmay_temple_entry_drinking_statues,
          kennysheep_another_room
D:6:      layout_basic, kennysheep_mini, uniq_sigmund, uniq_pikel,
          uniq_eustachio, uniq_prince_ribbit1
Temple:   dpeg_three_leaves_temple

Skill      XL: |  1  2  3  4  5  6  7 |
---------------+----------------------+-----
Ranged Weapons | 3 4 5 7 8 |  8.8
Fighting       | 2 4 5 |  5.0
Armour         | 1 |  1.1
Dodging        | 3 |  3.1
Spellcasting   | |  1.0
Hexes          | |  2.0

Action                     |  1- 3 |  4- 6 |  7- 9 || total
---------------------------+-------+-------+-------++-------
   Fire: Sling             |    94 |   193 |    99 ||   386
    Use: Scroll            |     6 |     8 |       ||    14
         Potion            |       |     4 |       ||     4
 Armour: Ring mail         |     5 |    39 |       ||    44
         Robe              |     2 |     2 |    12 ||    16
  Dodge: Dodged            |    42 |   130 |    48 ||   220

Table legend:
 A = Non-vault XP
 B = Vault XP
 C = Vault XP percentage of total XP
 D = Non-vault monster count
 E = Vault monster count
 F = Vault count percentage of total count
                 A         B        C        D         E       F
            +---------+---------+-------+---------+---------+-------
      Total |    1122 |     501 |  30.9 |      82 |      18 |  18.0
            +---------+---------+-------+---------+---------+-------
        D:1 |      30 |       0 |   0.0 |      18 |       0 |   0.0
        D:2 |      78 |       0 |   0.0 |      17 |       0 |   0.0
        D:3 |      15 |       1 |   6.2 |       8 |       1 |  11.1
        D:4 |      99 |     500 |  83.5 |      18 |      17 |  48.6
        D:5 |     690 |       0 |   0.0 |      20 |       0 |   0.0
        D:6 |     210 |       0 |   0.0 |       1 |       0 |   0.0
            +---------+---------+-------+---------+---------+-------
